 Dungeon Crawl Stone Soup version 0.19-a0-61-g4dc4c6e (webtiles) character file.

52 VoxSomniator the Stinger (level 3, 12/14 HPs)
             Began as a Felid Venom Mage on May 9, 2016.
             Was an Initiate of Okawaru.
             Quit the game on level 2 of the Dungeon.
             The game lasted 00:20:21 (1633 turns).

VoxSomniator the Stinger (Felid Venom Mage)         Turns: 1633, Time: 00:20:22

Health: 12/14      AC:  1    Str:  4    XL:     3   Next: 60%
Magic:  7/7        EV: 18    Int: 17    God:    Okawaru [......]
Gold:   69         SH:  0    Dex: 16    Spells: 3 memorised, 0 levels left
                                        Lives:  0   Deaths: 0

rFire  . . .     SeeInvis +     (weapon unavailable)
rCold  . . .     Gourm    .     (armour unavailable)
rNeg   . . .     Faith    .     (shield unavailable)
rPois  .         Spirit   .     (helmet unavailable)
rElec  .         Dismiss  .     (cloak unavailable)
rCorr  .         Reflect  .     (gloves unavailable)
SustAt .         Harm     .     (boots unavailable)
MR     .....                    (no amulet)
Stlth  +++.......               (no ring)
                                (no ring)

@: quick, not resistant to hostile enchantments, fairly stealthy
A: no armour, no weapons or thrown items, claws 1, fangs 3, see invisible,
carnivore 3, speed 1, shaggy fur 1, slow metabolism 1, sharp paws
a: Renounce Religion


You were on level 2 of the Dungeon.
You worshipped Okawaru.
Okawaru was noncommittal.
You were completely stuffed.

You visited 1 branch of the dungeon, and saw 2 of its levels.

You collected 69 gold pieces.

Inventory:

Scrolls
 d - 2 scrolls of teleportation {unknown}
 e - 3 scrolls of remove curse {unknown}
 g - a scroll of random uselessness {unknown}
Potions
 c - a potion of flight {unknown}
Books
 a - a Young Poisoner's Handbook

   Spells                             Type                      Level
   a - Sting                          Conjuration/Poison           1
   b - Cure Poison                    Poison                       2
   c - Mephitic Cloud                 Conjuration/Poison/Air       3
   d - Olgreb's Toxic Radiance        Poison                       4
   e - Venom Bolt                     Conjuration/Poison           5
Comestibles
 b - 2 meat rations
 f - 3 chunks of flesh


   Skills:
 + Level 3.2 Dodging
 + Level 2.8 Stealth
 + Level 0.6 Unarmed Combat
 + Level 2.3 Spellcasting
 + Level 0.6 Conjurations
 + Level 4.2 Poison Magic


You couldn't memorise any spells.
You knew the following spells:

 Your Spells              Type           Power        Failure   Level  Hunger
a - Sting                 Conj/Pois      ##..         10%         1    #......
b - Cure Poison           Pois           ###.......   6%          2    ###....
c - Mephitic Cloud        Conj/Pois/Air  #.......     30%         3    ###....


Dungeon Overview and Level Annotations

Branches:
Dungeon (2/15)

Altars:
Okawaru


Innate Abilities, Weirdness & Mutations

You cannot wear armour.
You are incapable of wielding weapons or throwing items.
You have sharp claws.
You have razor-sharp teeth.
You have supernaturally acute eyesight.
You are carnivorous and can eat meat at any time.
You cover ground quickly.
You are covered in fur (AC +1).
You have a slow metabolism.
Your sharp claws are effective at attacking unaware monsters.


Message History

You kill the giant newt!
Some of the chunks of flesh in your inventory have rotted away.
A giant cockroach comes into view.
Found an iron altar of Okawaru.
You pounce on the unaware helpless giant cockroach!
You scratch the giant cockroach.
The giant cockroach is almost dead.
The giant cockroach completely misses you.
You barely miss the giant cockroach.
The giant cockroach is almost dead.
The giant cockroach bites you.
You scratch the giant cockroach.
You kill the giant cockroach!
You see here a giant cockroach corpse.
You butcher the giant cockroach corpse.
f - 3 chunks of flesh (gained 1)
There is an iron altar of Okawaru here.
You sit before the altar of Okawaru.
Okawaru welcomes you!
Are you sure you want to abandon this character and quit the game? (Confirm with "yes".)

#........# #####.#### #.# #.#
#.# ####################.##
.................##...##
..#...#...#...#..#.###.#
................@#.# #.#
..#...#...#...#..#.###)######
.................#.......$....
##################.##########.
.# #.......# #.## ## ##.....##
#.# # ##...## #.# # ##'## #.#
#.# #.#


There were no monsters in sight!

Vanquished Creatures
  An ooze (D:1)
  2 dart slugs (D:1)
  A giant gecko (D:1)
  7 bats
  5 giant cockroaches
  7 goblins
  4 hobgoblins (D:1)
  2 giant newts
  3 kobolds
  7 rats
39 creatures vanquished.

Notes
Turn   | Place    | Note
--------------------------------------------------------------
     0 | D:1      | VoxSomniator the Felid Venom Mage began the quest for the Orb.
     0 | D:1      | Reached XP level 1. HP: 7/7 MP: 4/4
   278 | D:1      | Reached XP level 2. HP: 5/11 MP: 0/6
   344 | D:1      | Reached skill level 4 in Poison Magic
   348 | D:1      | Learned a level 2 spell: Cure Poison
   746 | D:1      | Reached XP level 3. HP: 2/14 MP: 1/7
  1073 | D:1      | Learned a level 3 spell: Mephitic Cloud
  1617 | D:2      | Found an iron altar of Okawaru.
  1632 | D:2      | Became a worshipper of Warmaster Okawaru
  1633 | D:2      | Quit the game

Vault maps used:
D:1:      dpeg_arrival_subterranean_lakeside_camping, st_stairs_14
D:2:      zin_treasury, lemuel_coloured_pillars_altar, uniq_sigmund

Skill      XL: |  1  2 |
---------------+-------+-----
Poison Magic   | 4 |  4.2
Dodging        | 3 |  3.2
Stealth        | |  2.8
Unarmed Combat | |  0.6
Spellcasting   | |  2.3
Conjurations   | |  0.6

Action                   || total
-------------------------++-------
Melee: Unarmed           ||    65
       Bite              ||     2
 Cast: Sting             ||    56
  Use: Scroll            ||     2
       Potion            ||     2
 Stab: Sleeping          ||     6
  Eat: Chunk             ||    10
Armor: Skin              ||     4
Dodge: Dodged            ||    54
